 Dungeon Crawl Stone Soup version 0.24.0-13-gcf9b3192b9 (webtiles) character file.

Game seed: 16468662934324246683, levelgen mode: deterministic

1079 Aviak the Sneak (level 8, -1/46 HPs)
             Began as an Octopode Enchanter on Nov 9, 2019.
             Shot with an arrow by a centaur (16 damage)
             ... on level 6 of the Dungeon.
             The game lasted 00:06:34 (5564 turns).

Aviak the Sneak (Octopode Enchanter)                Turns: 5564, Time: 00:06:34

Health: -1/46      AC:  5    Str:  7    XL:     8   Next: 29%
Magic:  9/14       EV: 16    Int: 17    God:
Gold:   296        SH:  0    Dex: 15    Spells: 6/15 levels left

rFire    . . .     SeeInvis .   k - +0 dagger (venom)
rCold    . . .     Gourm    .   (no shield)
rNeg     . . .     Faith    .   (helmet restricted)
rPois    .         Spirit   .   (no amulet)
rElec    .         Reflect  .   A - +4 ring of protection
rCorr    .         Harm     .   (no ring)
MR       .....                  (no ring)
Stlth    +++++.....             (no ring)
HPRegen  0.15/turn              (no ring)
MPRegen  0.14/turn              (no ring)
                                (no ring)
                                (no ring)

@: no status effects
A: almost no armour, stealthy swim, amphibious, 8 rings, constrict 8, camouflage
1, gelatinous body 1
a: no special abilities


You were on level 6 of the Dungeon.
You were very hungry.

You visited 1 branch of the dungeon, and saw 6 of its levels.

You collected 296 gold pieces.

Inventory:

Hand Weapons
 a - a +1 dagger
 k - a +0 dagger of venom (weapon)
Jewellery
 w - an uncursed ring of wizardry {unknown}
 A - a +4 ring of protection (left tentacle)
Wands
 o - a wand of disintegration (16)
 q - a wand of paralysis (20)
Scrolls
 b - 2 scrolls of fog {unknown}
 e - 2 scrolls of magic mapping {unknown}
 f - 2 scrolls of amnesia
 i - 6 scrolls of identify
 j - a scroll of teleportation {unknown}
 l - a scroll of random uselessness {unknown}
 r - 3 scrolls of remove curse
 s - 2 scrolls of enchant armour {unknown}
 v - a scroll of enchant weapon {unknown}
 x - a scroll of blinking
 y - a scroll of immolation {unknown}
Potions
 c - 2 potions of curing
 g - 2 potions of magic
 h - 3 potions of heal wounds
 m - a potion of lignification {unknown}
 n - 2 potions of flight {unknown}
 p - 2 potions of resistance {unknown}
 t - 2 potions of mutation {unknown}
Comestibles
 d - 12 rations


   Skills:
 + Level 4.2 Short Blades
 + Level 4.6 Dodging
 + Level 7.3 Stealth
 - Level 4.0 Spellcasting
 + Level 1.2 Conjurations
 + Level 5.0 Hexes


You had 6 spell levels left.
You knew the following spells:

 Your Spells              Type           Power        Failure   Level  Hunger
a - Corona                Hex            ###....      1%          1    None
b - Ensorcelled Hibernat  Hex/Ice        ##....       9%          2    ##.....
c - Confuse               Hex            ###.....     6%          3    ###....
e - Dazzling Spray        Conj/Hex       ##....       13%         3    ###....

Your spell library contained the following spells:

 Spells                   Type           Power        Failure   Level  Hunger
 Slow                     Hex            ###.....     3%          2    ##.....
 Tukima's Dance           Hex            ###.....     6%          3    ###....
 Inner Flame              Hex/Fire       ##......     17%         3    ###....
 Portal Projectile        Hex/Tloc       ##....       17%         3    ###....
 Cause Fear               Hex            ###.......   21%         4    ####...
 Leda's Liquefaction      Hex/Erth       ##........   50%         4    ####...


Dungeon Overview and Level Annotations

Branches:
Dungeon (6/15)
 Temple: D:4-7

Altars:
Fedhas
Vehumet
Yredelemnul


Innate Abilities, Weirdness & Mutations

You cannot wear most types of armour.
You are very stealthy in the water. (Stealth+)
You are amphibious.
You can wear up to eight rings at the same time.
You can use your tentacles to constrict eight enemies at once.
Your skin changes colour to match your surroundings (Stealth+).
Your rubbery body absorbs attacks. (AC +1, EV +1)


Message History

The howler monkey looks as sick as possible!
The howler monkey is almost dead.
You constrict the howler monkey.
The howler monkey completely misses you.
You barely miss the howler monkey.
The howler monkey is almost dead.
You constrict the howler monkey.
You kill the howler monkey!
The centaur shoots an arrow.
The arrow hits you.
You hit the orc but do no damage.
The orc is poisoned.
You grab the orc. You constrict the orc.
The orc hits you with a +2 dagger of speed.
You hit the orc.
The orc is heavily wounded.
You constrict the orc. The orc barely misses you.
You hit the orc.
You kill the orc!
The centaur shoots an arrow.
The arrow hits you.
The centaur shoots an arrow.
The arrow hits you!
You die...

.. #.......####.....
..... ##.##....##.......
.../.##.? ##............
....#..#####...........
........##....###......
#............#.......
#...........##.......
#...........###...... .
####@..............##
...#####)##..............
........c#...............
....#.................#..
. #.)).##..##.......#..
........[.[.##..##..##.
#............##.. ...#.
###..........# ..
#..........# ..


You could see a centaur.

Vanquished Creatures
  Eustachio (D:6)
  An ice beast (D:4)
  An ogre (D:5)
  A scorpion (D:6)
  2 howler monkeys
  A crimson imp (D:6)
  2 hounds
  3 orc wizards
  An orc priest (D:3)
  2 bullfrog skeletons (D:5)
  4 iguanas
  2 worker ants (D:5)
  A worker ant zombie (D:5)
  5 adders
  3 oozes
  An adder zombie (D:6)
  A worm (D:3)
  3 dart slugs
  A leopard gecko (D:5)
  20 orcs
  10 bats
  7 giant cockroaches
  19 goblins
  9 hobgoblins
  2 quokkas
  3 ball pythons
  5 frilled lizards
  7 kobolds
  9 rats
127 creatures vanquished.

Notes
Turn   | Place    | Note
-------+----------+-------------------------------------------
     0 | D:1      | Aviak the Octopode Enchanter began the quest for the Orb.
     0 | D:1      | Reached XP level 1. HP: 11/11 MP: 3/3
    90 | D:1      | Reached XP level 2. HP: 17/17 MP: 5/5
   194 | D:1      | Learned a level 2 spell: Ensorcelled Hibernation
   421 | D:1      | Reached XP level 3. HP: 8/21 MP: 6/6
  1380 | D:2      | Reached XP level 4. HP: 27/27 MP: 7/7
  1540 | D:2      | Learned a level 3 spell: Confuse
  2000 | D:3      | Found a blossoming altar of Fedhas.
  2088 | D:3      | Found a radiant altar of Vehumet.
  2281 | D:3      | Reached skill level 5 in Stealth
  2848 | D:3      | Reached XP level 5. HP: 18/31 MP: 5/9
  3648 | D:4      | Reached XP level 6. HP: 25/36 MP: 7/10
  3655 | D:4      | Learned a level 3 spell: Dazzling Spray
  3722 | D:4      | Found a basalt altar of Yredelemnul.
  4500 | D:5      | Entered Level 5 of the Dungeon
  4541 | D:5      | Noticed an ice beast
  4563 | D:5      | Reached skill level 6 in Stealth
  4638 | D:5      | Reached XP level 7. HP: 41/41 MP: 2/12
  5431 | D:6      | Noticed Eustachio
  5442 | D:6      | Killed Eustachio
  5442 | D:6      | Reached XP level 8. HP: 40/46 MP: 5/14
  5451 | D:6      | Reached skill level 7 in Stealth
  5553 | D:6      | Reached skill level 1 in Conjurations
  5553 | D:6      | Reached skill level 5 in Hexes
  5564 | D:6      | Shot with an arrow by a centaur

Levels and vault maps discovered:
D:1:      dpeg_arrival_long_road, layout_basic, minmay_tiny_reverse_x
D:2:      layout_loops_corners, first_ration
D:3:      minmay_bubble_buster, layout_loops_ring, vehumet_crystals,
          minmay_hedge_maze, fedhas_ov_isle_minmay
D:4:      layout_cave_pools, lemuel_doored_altar
D:5:      layout_basic
D:6:      layout_cave_pools, overflow_temple_1_default,
          biasface_ghost_orc_armoury, uniq_eustachio

Skill      XL: |  1  2  3  4  5  6  7  8 |
---------------+-------------------------+-----
Short Blades   | 2 3 4 |  4.2
Stealth        | 5 6 7 |  7.3
Dodging        | 3 4 |  4.6
Spellcasting   | 3 4 |  4.0
Hexes          | 4 5 |  5.0
Conjurations   | 1 |  1.2

Action                   |  1- 3 |  4- 6 |  7- 9 || total
-------------------------+-------+-------+-------++-------
Melee: Dagger            |    73 |   124 |    93 ||   290
       Constrict         |    16 |    33 |    20 ||    69
       Tentacles         |     6 |    16 |    22 ||    44
 Cast: Ensorcelled Hiber |       |    11 |     1 ||    12
       Confuse           |       |     4 |     8 ||    12
       Dazzling Spray    |       |     2 |       ||     2
  Use: Scroll            |       |     6 |       ||     6
       Potion            |       |       |     1 ||     1
 Stab: Sleeping          |     9 |    26 |     5 ||    40
       Invisible         |       |     1 |       ||     1
       Confused          |       |       |     6 ||     6
  Eat: Chunk             |     1 |     8 |     3 ||    12
       Ration            |       |     1 |       ||     1
Armor: Skin              |    10 |     5 |    14 ||    29
Dodge: Dodged            |    46 |    89 |    47 ||   182
